Map: Ever Dream LE

Players

Arctur - Winner!

  • Race: Terran Terran
  • Spawn Location: 7:00

PtitDrogo

  • Race: Protoss Protoss
  • League: Grandmaster
  • Spawn Location: 1:00

Event: DreamHack SC2 Masters 2020 Fall

VOD

Have the link to the VOD?

Description

Time

  • Played on: Aug. 27, 2020, 2:11 p.m.
  • Length: 9:20

All games in this series

Show
View Real Time Build Order
Export as new Build Order

Arctur Terran - Winner!

Build Orders:  

Get SALT Encoding   

  12  0:00  SCV  
  13  0:12  SCV  
  14  0:17  Supply Depot  
  14  0:24  SCV  
  15  0:38  SCV  
  15  0:40  Barracks  
  16  0:43  Refinery  
  16  0:50  SCV  
  17  1:03  SCV  
  18  1:15  SCV  
  19  1:26  Marine  
  19  1:27  Orbital Command  
  20  1:45  Command Center  
  20  1:51  Supply Depot  
  20  2:02  Factory  
  20  2:04  Barracks Tech Lab  
  20  2:08  SCV  
  21  2:20  SCV  
  22  2:23  Marauder, Concussive Shells  
  24  2:32  Barracks, SCV  
  25  2:44  Marauder  
  25  2:49  SCV  
  28  2:56  Refinery  
  30  2:58  Hellion  
  30  2:59  Orbital Command  
  30  3:05  SCV, Marine  
  31  3:11  Stimpack  
  32  3:18  SCV  
  35  3:20  Hellion  
  35  3:23  Barracks Reactor  
  35  3:24  SCV  
  36  3:31  SCV  
  37  3:36  SCV  
  37  3:39  Supply Depot  
  40  3:41  Hellion  
  40  3:43  SCV  
  40  3:48  SCV, Supply Depot  
  41  3:50  Marauder  
  41  3:55  SCV  
  42  3:58  Bunker  
  42  4:05  SCV  
  41  4:14  SCV  
  41  4:16  Marine  
  41  4:17  Marauder, SCV, Marine  
  47  4:26  SCV  
  47  4:27  Engineering Bay, Starport  
  47  4:29  SCV  
  47  4:34  Marine  
  47  4:38  Marauder, SCV  
  47  4:39  Refinery, Marine  
  47  4:44  SCV  
  49  4:50  Combat Shield  
  49  4:53  Terran Infantry Weapons Level 1  
  49  4:55  Marine  
  49  4:57  Marine  
  49  4:58  SCV  
  54  5:00  SCV, Marauder  
  54  5:04  Starport Reactor  
  55  5:07  Barracks  
  55  5:12  SCV x2  
  55  5:13  Supply Depot  
  57  5:15  Marine x2  
  61  5:21  Marauder, Supply Depot  
  61  5:24  SCV  
  61  5:25  SCV  
  62  5:34  Marine x2  
  64  5:36  SCV  
  64  5:38  SCV  
  64  5:39  Supply Depot  
  64  5:42  Medivac, Marauder  
  70  5:43  Medivac, Factory Tech Lab  
  70  5:47  Supply Depot  
  70  5:48  SCV  
  73  5:50  SCV  
  73  5:52  Marine x2  
  73  5:54  Barracks Tech Lab  
  76  6:02  Siege Tank  
  79  6:05  Refinery  
  79  6:07  Command Center  
  78  6:11  Marine x2  
  78  6:12  Marauder  
  78  6:13  Marine  
  82  6:29  Marine x2  
  82  6:31  Marauder  
  85  6:33  Marauder  
  85  6:34  Siege Tank  
  88  6:42  Barracks  
  88  6:44  Medivac x2, Barracks  
  92  6:49  Supply Depot  
  92  6:50  Marine  
  93  6:57  Terran Infantry Armor Level 1, Supply Depot x2  
  93  7:01  Marine  
  93  7:05  Supply Depot  
  94  7:10  Siege Tank, Marine  
  94  7:11  Marauder x2  
  102  7:25  Medivac x2  
  102  7:26  Marine  
  99  7:32  Marauder, Marine, Barracks Reactor  
  99  7:33  Barracks Tech Lab, Marauder  
  99  7:34  Orbital Command  
  99  7:36  SCV x2  
  106  7:44  Marine  
  106  7:48  SCV  
  106  7:49  SCV  
  106  7:50  Marine  
  110  7:53  Marauder  
  110  7:55  Viking x2  
  110  7:58  Siege Tank  
  119  8:02  Marine x2  
  119  8:03  Marauder  
  123  8:08  Marine  
  123  8:09  Marine x2  
  126  8:14  Marauder  
  128  8:20  Orbital Command, Marine  
  128  8:21  Marauder  
  128  8:23  Marine  
  128  8:25  Viking  
  128  8:26  Marine  
  131  8:29  Viking  
  133  8:34  Supply Depot  
  133  8:35  Marine x2  
  133  8:36  Marauder  
  135  8:42  Marauder  
  135  8:44  Marine  
  135  8:47  SCV x2  
  135  8:48  Marine  
  141  8:53  Marauder  
Show
View Real Time Build Order
Export as new Build Order

PtitDrogo Protoss 

Build Orders: 1 Gate Expand, Blink Stalkers 

Get SALT Encoding   

  12  0:01  Probe  
  13  0:13  Probe  
  14  0:17  Pylon  
  14  0:25  Probe (Chrono Boost)  
  15  0:35  Gateway  
  15  0:37  Probe (Chrono Boost)  
  16  0:46  Assimilator, Probe (Chrono Boost)  
  17  0:51  Probe  
  18  1:03  Probe  
  19  1:15  Probe  
  20  1:22  Cybernetics Core  
  20  1:30  Nexus  
  20  1:37  Pylon  
  21  1:40  Probe  
  21  1:44  Assimilator  
  21  1:52  Probe  
  22  1:55  Adept (Chrono Boost)  
  24  2:01  Shield Battery  
  24  2:04  Probe  
  24  2:07  Warp Gate  
  25  2:15  Stalker (Chrono Boost)  
  25  2:18  Probe  
  28  2:30  Probe  
  28  2:33  Twilight Council  
  29  2:42  Probe  
  29  2:43  Probe  
  31  2:55  Robotics Facility, Probe (Chrono Boost)  
  33  3:00  Probe (Chrono Boost)  
  33  3:02  Stalker  
  36  3:05  Probe (Chrono Boost)  
  36  3:09  Probe (Chrono Boost)  
  36  3:10  Shield Battery  
  38  3:14  Probe (Chrono Boost)  
  38  3:19  Probe (Chrono Boost)  
  39  3:25  Blink (Chrono Boost), Probe (Chrono Boost)  
  40  3:27  Probe (Chrono Boost)  
  40  3:33  Gateway  
  41  3:35  Probe  
  41  3:37  Probe  
  41  3:40  Gateway  
  43  3:47  Probe  
  44  3:50  Probe  
  45  3:56  Assimilator  
  45  3:58  Assimilator  
  45  3:59  Probe  
  45  4:00  Pylon  
  46  4:07  Probe  
  45  4:11  Probe  
  45  4:15  Stalker  
  46  4:19  Probe  
  46  4:23  Probe  
  43  4:31  Probe (Chrono Boost)  
  41  4:35  Probe (Chrono Boost)  
  42  4:39  Observer  
  42  4:42  Probe (Chrono Boost)  
  42  4:45  Probe (Chrono Boost)  
  45  4:48  Stalker  
  45  4:49  Stalker  
  45  4:50  Stalker, Probe (Chrono Boost)  
  52  4:55  Pylon  
  52  4:58  Probe  
  53  5:02  Probe  
  54  5:07  Pylon  
  54  5:13  Observer, Probe  
  54  5:14  Probe  
  57  5:17  Pylon  
  57  5:19  Charge  
  57  5:25  Probe  
  57  5:27  Observer  
  58  5:30  Probe  
  58  5:35  Robotics Bay  
  55  5:37  Forge, Probe  
  55  5:39  Sentry, Pylon  
  55  5:42  Probe  
  59  5:47  Immortal (Chrono Boost)  
  63  5:52  Pylon  
  63  5:56  Stalker  
  65  6:16  Protoss Ground Weapons Level 1, Probe  
  66  6:23  Colossus (Chrono Boost)  
  66  6:24  Observer  
  66  6:31  Zealot x3  
  78  6:39  Probe  
  79  6:40  Pylon  
  79  6:50  Probe  
  79  6:51  Extended Thermal Lance, Probe  
  79  6:53  Nexus  
  81  6:55  Pylon  
  81  7:01  Colossus (Chrono Boost)  
  81  7:02  Probe  
  81  7:04  Probe  
  89  7:21  Pylon  
  89  7:25  Probe  
  89  7:28  Nexus  
  89  7:29  Pylon  
  84  7:34  Probe  
  81  7:37  Probe  
  81  7:41  Observer  
  81  7:43  Gateway  
  82  7:45  Gateway x2, Colossus (Chrono Boost)  
  82  7:49  Templar Archives  
  88  7:55  Zealot x3  
  94  8:15  Stalker x3  
  99  8:29  Probe x2  
  99  8:30  Warp Prism  
  99  8:31  Pylon  
  103  8:36  Pylon  
  103  8:37  Pylon  
  99  8:43  Zealot, High Templar x2  
  99  8:45  Zealot x2  
  99  8:47  Archon  
  109  8:50  Shield Battery  
  108  8:56  Zealot, Shield Battery  
  96  9:05  Zealot x2  
  96  9:06  Zealot  

Tags
 
Add a new tag
Caveats
  • Supply blocks, unpowered buildings, or Contaminate may cause inaccurate times.
  • Supply counts are checked every 10 seconds.